 Dungeon Crawl Stone Soup version 0.31-a0-532-g28f74ba3e5 (webtiles) character file.

Game seed: 5606866869357740692

904 duskshroud the Cleaver (level 7, -6/66 HPs)
             Began as a Minotaur Berserker on Aug 12, 2023.
             Was a Believer of Trog.
             Shot with an arrow by a centaur (13 damage)
             ... on level 5 of the Dungeon.
             The game lasted 00:12:19 (4000 turns).

duskshroud the Cleaver (Minotaur Berserker)         Turns: 4000, Time: 00:12:20

Health: -6/66      AC:  8    Str: 21    XL:     7   Next: 80%
Magic:  6/6        EV: 12    Int:  4    God:    Trog [**....]
Gold:   234        SH:  0    Dex: 12    Spells: 6/6 levels left

rFire   . . .        a - +0 hand axe
rCold   . . .        (no shield)
rNeg    . . .        i - +1 leather armour {rPois}
rPois   +            (helmet restricted)
rElec   .            s - +0 cloak
rCorr   .            p - +1 pair of gloves
SInv    .            g - +0 pair of boots
Will    .....        (no amulet)
Stlth   +            (no ring)
HPRegen 0.31/turn    (no ring)
MPRegen 0.10/turn

%: no passive effects
@: weak-willed
A: horns 2, retaliatory headbutt
a: Renounce Religion, Berserk, Trog's Hand


You were on level 5 of the Dungeon.
You worshipped Trog.
Trog was pleased with you.
You visited 1 branch of the dungeon, and saw 5 of its levels.

You collected 328 gold pieces.
You spent 94 gold pieces at shops.

Inventory:

Hand Weapons
 a - a +0 hand axe (weapon)
 z - a +0 orcbow
Missiles
 c - 9 poisoned darts (quivered)
 l - 2 javelins
 B - 3 datura-tipped darts
Armour
 g - a +0 pair of boots (worn)
 i - a +1 leather armour of poison resistance (worn)
 j - a +0 chain mail
 n - a +1 scale mail of fire resistance
 p - a +1 pair of gloves (worn)
 s - a +0 cloak (worn)
Wands
 m - a wand of paralysis (6)
Scrolls
 e - a scroll of vulnerability
 h - a scroll of silence
 t - a scroll of revelation
Potions
 b - 3 potions of curing {unknown}
 f - 3 potions of heal wounds {unknown}
 k - a potion of ambrosia {unknown}
 o - 3 potions of brilliance {unknown}
 q - a potion of resistance {unknown}
 v - a potion of might {unknown}
 w - a potion of haste {unknown}


   Skills:
 + Level 7.1 Fighting
 * Level 9.5 Axes
 - Level 2.4 Armour
 - Level 2.1 Dodging


You had 6 spell levels left.
You didn't know any spells.
Your spell library was empty.

Dungeon Overview and Level Annotations

Branches:
Dungeon (5/15)
 Temple: D:4-7

Altars:
Cheibriados
Hepliaklqana
Ru

Shops:
D:3 [


Innate Abilities, Weirdness & Mutations

You have a pair of horns on your head.
You reflexively headbutt those who attack you in melee.


Message History

The centaur shouts!
The centaur wields a +0 orcbow.
The centaur shoots an arrow.
The arrow hits you.
The centaur shoots an arrow.
The arrow hits you!
You hear a bellow!
The centaur shoots an arrow.
The arrow hits you!
The centaur shoots an arrow.
The arrow hits you!
The centaur shoots an arrow.
The arrow hits you!
* * * LOW HITPOINT WARNING * * *
The centaur shoots an arrow.
The arrow misses you.
The centaur shoots an arrow.
The arrow barely misses you.
There is an open door here.
As you read the scroll labelled VISANI TENU, it crumbles to dust.
Magic quickly surges around you.
It was a scroll of vulnerability.
As you read the scroll labelled COULED IMNOPN, it crumbles to dust.
You feel aware of your surroundings.
It was a scroll of revelation.
As you read the scroll labelled BOOLOI VIVOCK, it crumbles to dust.
It is a scroll of identify.
h - a scroll of silence
As you read the scroll labelled XABOMOGYPH, it crumbles to dust.
It is a scroll of enchant armour.
Your +0 pair of gloves glows green for a moment.
As you read the scroll labelled CESHYME SUPP, it crumbles to dust.
It is a scroll of amnesia.
You feel forgetful for a moment.
The centaur shoots an arrow.
The arrow closely misses you.
The centaur shoots an arrow.
The arrow hits you.
* * * LOW HITPOINT WARNING * * *
As you read the scroll labelled FELOJI FI PAMI, it crumbles to dust.
The creatures around you are filled with an inner flame!
It was a scroll of immolation.
The centaur shoots an arrow.
The arrow hits you!
* * * LOW HITPOINT WARNING * * *
As you read the scroll labelled GASE DOEFOAMU, it crumbles to dust.
You hear a loud clanging noise!
It was a scroll of noise.
You hear a shout!
You hear a bellow! x3
Blink to where?
Press: ? - help, Dir - move target
As you read the scroll labelled FULORR TURUKK, it crumbles to dust.
It was a scroll of blinking.
The centaur shoots an arrow.
The arrow hits you!
You die...

##.....##...##.....##**
#.......#...#§......#
####.....†.'.c.Y....)..#
#####..#.......#...#.......#
....>..##.....##...##.....##
......####...###...###...###
....### #######...#########
..### ##...###...###...###
##.## ##.....##@..##.....##
##..## #.......#...#.......#
##..###.......'...'.†.....#
#...##.......#...#.......###
#...###.....##...##.....##.##
##..# ##...##.....##...###..#
#..# #####.......##### ##.##
#### ##...............# ##.##
##................# #..#


You could see a yak and a centaur (inner flame).

Vanquished Creatures
  Eustachio (D:5)
  An ice beast (D:5)
  A centaur (D:5)
  2 scorpions
  2 jellies
  A hound (D:5)
  Ijyb (D:3)
  4 iguanas
  2 orc wizards (D:3)
  3 gnolls (D:3)
  8 adders
  A white imp (D:5)
  2 worms
  A dart slug (D:1)
  12 orcs
  7 ball pythons
  7 endoplasms
  5 goblins
  12 hobgoblins
  5 jackals (D:4)
  5 quokkas
  8 bats
  4 frilled lizards
  6 kobolds
  3 rats
104 creatures vanquished.

Notes
Turn   | Place    | Note
-------+----------+-------------------------------------------
     0 | D:1      | duskshroud the Minotaur Berserker began the quest for the
                  | Orb.
     0 | D:1      | Reached XP level 1. HP: 19/19 MP: 0/0
   127 | D:1      | Reached skill level 4 in Axes
   166 | D:1      | Reached XP level 2. HP: 15/27 MP: 1/1
   821 | D:2      | Found a sacrificial altar of Ru.
   900 | D:2      | Reached XP level 3. HP: 31/33 MP: 2/2
  1177 | D:2      | Reached ** piety under Trog
  1211 | D:2      | You fall into a shaft and drop 2 floors!
  1254 | D:3      | Found a snail-covered altar of Cheibriados.
  1260 | D:3      | Reached skill level 5 in Axes
  1292 | D:3      | Reached XP level 4. HP: 20/41 MP: 3/3
  1534 | D:3      | Found a hazy altar of Hepliaklqana.
  1624 | D:3      | Noticed Ijyb
  1652 | D:3      | Killed Ijyb
  1653 | D:3      | Reached skill level 5 in Fighting
  1653 | D:3      | Reached skill level 6 in Axes
  1653 | D:3      | Reached XP level 5. HP: 48/48 MP: 4/4
  2077 | D:3      | Found Oroe's Antique Armour Shoppe.
  2082 | D:3      | Bought a pair of gloves for 94 gold pieces
  2328 | D:4      | Reached skill level 7 in Axes
  2328 | D:4      | Reached XP level 6. HP: 56/56 MP: 5/5
  2617 | D:4      | Identified the +1 sling of the Histrionic God {freeze,
                  | rPois rF+ rCorr}
  2894 | D:4      | Identified the +3 flail of Kareng {drain, Stlth+}
  2969 | D:5      | Entered Level 5 of the Dungeon
  3128 | D:5      | Noticed an ice beast
  3137 | D:5      | Killed an ice beast
  3138 | D:5      | Reached skill level 8 in Axes
  3271 | D:5      | Reached XP level 7. HP: 63/63 MP: 6/6
  3437 | D:5      | Noticed Eustachio
  3484 | D:5      | Killed Eustachio
  3736 | D:5      | Reached skill level 9 in Axes
  3923 | D:5      | Found the +13 scythe of Curses {drain, curses, Drain}
  3978 | D:5      | Noticed a yak
  3978 | D:5      | Noticed a yak
  3978 | D:5      | Noticed a yak
  3978 | D:5      | Noticed a yak
  4000 | D:5      | Shot with an arrow by a centaur

Illustrated notes

Levels and vault maps discovered:
D:1:      lightli_arrival_maybe_door_vault, layout_loops_ring
D:2:      layout_loops_cross, basic_altar, kennysheep_generic_room_4
D:3:      layout_basic, amcnicky_altar_gilded, mainiacjoe_overflow_chevrons,
          serial_shops, nicolae_shop_rolling_square, chequers_jeans, uniq_ijyb
D:4:      corexii_shack_village, layout_loops_ring, serial_aquarium,
          aquarium_bridge_island_large [aquarium_subvault_large_open,
          aquarium_subvault_bridge, aquarium_subvault_bridge,
          aquarium_subvault_bridge, aquarium_subvault_wall],
          aquarium_bridge_square [aquarium_subvault_window,
          aquarium_subvault_bridge, aquarium_subvault_bridge,
          aquarium_subvault_wall], aquarium_window_corner, aquarium_window_fake,
          aquarium_window_1, aquarium_view_2f, aquarium_view_2d
D:5:      kennysheep_six_static_rooms, layout_cave_pods, uniq_eustachio,
          uniq_crazy_yiuf_cottage

Skill      XL: |  1  2  3  4  5  6  7 |
---------------+----------------------+-----
Axes           | 4 5 6 7 8 9 |  9.5
Fighting       | 4 5 6 7 |  7.1
Armour         | |  2.4
Dodging        | |  2.1

Action                     |  1- 3 |  4- 6 |  7- 9 || total
---------------------------+-------+-------+-------++-------
  Melee: Hand axe          |    85 |   151 |    50 ||   286
         Headbutt          |    10 |    24 |    12 ||    46
         Punch             |     1 |     1 |       ||     2
  Throw: Dart              |       |       |     8 ||     8
 Invoke: Berserk           |       |     5 |       ||     5
         Trog's Hand       |       |     2 |       ||     2
    Use: Scroll            |       |       |     8 ||     8
 Armour: Animal skin       |     8 |       |       ||     8
         Leather armour    |    13 |    33 |    13 ||    59
  Dodge: Dodged            |    54 |    79 |    32 ||   165

Table legend: (Time is in decaauts)
 A = Elapsed time spent in this place.
 B = Non-inter-level travel time spent in this place.
 C = Inter-level travel time spent in this place.
 D = Time resting spent in this place.
 E = Time spent auto-exploring this place.
 F = Levels seen in this place.
 G = Mean time per level.
                   A        B        C        D        E       F      G
               +--------+--------+--------+--------+--------+-----+--------+
         Total |   4039 |   3890 |    149 |    750 |   2348 |   5 |  807.8 |
       Dungeon |   4039 |   3890 |    149 |    750 |   2348 |   5 |  807.8 |
               +--------+--------+--------+--------+--------+-----+--------+

Top non-repeatable levels by time:
     D:5: 1032 daAuts
     D:4: 853 daAuts
     D:1: 817 daAuts
     D:3: 796 daAuts
     D:2: 539 daAuts
